 Dungeon Crawl Stone Soup version 0.18-a0-1637-g109f206 (webtiles) character file.

124 ithil the Skirmisher (level 4, -7/41 HPs)
             Began as a Minotaur Fighter on Mar 26, 2016.
             Mangled by George's ghost (12 damage)
             ... on level 3 of the Dungeon.
             The game lasted 00:06:22 (1625 turns).

ithil the Skirmisher (Minotaur Fighter)             Turns: 1625, Time: 00:06:22

Health: -7/41      AC:  6    Str: 26    XL:     4   Next: 81%
Magic:  3/3        EV:  7    Int:  5    God:
Gold:   127        SH:  8    Dex: 10    Spells: 0 memorised, 3 levels left

rFire  . . .     SeeInvis .     a - +0 war axe
rCold  . . .     Gourm    .     b - +0 scale mail
rNeg   . . .     Faith    .     c - +0 shield
rPois  .         Spirit   .     (helmet restricted)
rElec  .         Dismiss  .     (no cloak)
rCorr  .         Reflect  .     (no gloves)
SustAt .         Harm     .     (no boots)
MR     .....                    (no amulet)
Stlth  ..........               s - ring of wizardry
                                h - ring of flight

@: mighty, very heavily drained, not resistant to hostile enchantments,
extremely unstealthy
A: retaliatory headbutt, horns 2
a: Evoke Flight


You were on level 3 of the Dungeon.
You were full.

You visited 1 branch of the dungeon, and saw 3 of its levels.

You collected 127 gold pieces.

Inventory:

Hand Weapons
 a - a +0 war axe (weapon)
Armour
 b - a +0 scale mail (worn)
 c - a +0 shield (worn)
Jewellery
 h - a ring of flight (left hand)
 s - a ring of wizardry (right hand)
Scrolls
 i - a scroll of identify
 j - a scroll of fear {unknown}
 k - 3 scrolls of teleportation {unknown}
 l - a scroll of enchant weapon {unknown}
 o - a scroll of enchant armour {unknown}
 r - a scroll of remove curse
Potions
 d - a potion of might
 e - a potion of degeneration {unknown}
 m - 2 potions of curing
 n - a potion of invisibility {unknown}
Comestibles
 f - a bread ration
 g - a fruit
 q - a beef jerky


   Skills:
 + Level 4.5(1.2) Fighting
 + Level 3.3(0.2) Axes
 + Level 4.3(1.1) Armour
 + Level 1.9(0.0) Dodging
 + Level 4.4(1.1) Shields


You had 3 spell levels left.
You didn't know any spells.

Dungeon Overview and Level Annotations

Branches:
Dungeon (3/15)

Altars:

Annotations:
D:3 George's ghost, amateur MiFi


Innate Abilities, Weirdness & Mutations

You reflexively headbutt those who attack you in melee.
You have a pair of horns on your head.


Message History

You start resting.
You are feeling hungry.
Eat which item? (? for menu, Esc to quit)
You continue eating. x2
You finish eating.
That meat ration really hit the spot!
You start resting.
A giant cockroach comes into view.
There is a stone staircase leading down here.
You climb downwards.
Level annotation: George's ghost, amateur MiFi George's ghost hits you!
There is a stone staircase leading up, spattered with blood here.
Drink which item? (? for menu, Esc to quit)
You feel very mighty all of a sudden. George's ghost hits you!
* * * LOW HITPOINT WARNING * * *
You slash George's ghost!
George's ghost is moderately damaged.
You block George's ghost's attack. George's ghost hits you!
You die...

... .. ..
#.###
###...#
.$<..+
#..W######
#.@.......
#.########
#. ##


You could see George's ghost.

Vanquished Creatures
  Ijyb (D:2)
  Robin (D:2)
  2 adders (D:2)
  An ooze (D:1)
  A worm (D:2)
  A dart slug (D:1)
  2 giant geckos
  A giant cockroach (D:2)
  6 hobgoblins
  2 jackals (D:2)
  9 kobolds
  4 quokkas (D:2)
  4 bats
  3 giant newts
  12 goblins
  6 rats
56 creatures vanquished.

Notes
Turn   | Place    | Note
--------------------------------------------------------------
     0 | D:1      | ithil the Minotaur Fighter began the quest for the Orb.
     0 | D:1      | Reached XP level 1. HP: 19/19 MP: 0/0
   185 | D:1      | Reached XP level 2. HP: 20/27 MP: 1/1
   577 | D:2      | Reached XP level 3. HP: 33/33 MP: 2/2
   629 | D:2      | Noticed Robin
   640 | D:2      | Killed Robin
   645 | D:2      | Reached skill level 1 in Dodging
   782 | D:2      | Noticed Ijyb
   801 | D:2      | Killed Ijyb
   801 | D:2      | Reached XP level 4. HP: 26/41 MP: 3/3
  1494 | D:3      | Noticed George's ghost (amateur MiFi)
  1625 | D:3      | Mangled by George's ghost

Vault maps used:
D:1:      dpeg_arrival_orchard, nrook_mini_backslash, minmay_misc_feat_square,
          grunt_decor_mini_mirrors
D:2:      minmay_box_of_dots, uniq_iyjb, uniq_robin
D:3:      grunt_temple_overflow_forces_of_nature, first_bread,
          hangedman_decor_diamond_cutter

Skill      XL: |  1  2  3 |
---------------+----------+-----
Fighting       | 4 |  4.5
Shields        | 4 |  4.4
Axes           | 3 |  3.3
Armour         | 4 |  4.3
Dodging        | 1 |  1.9

Action                   |  1- 3 |  4- 6 || total
-------------------------+-------+-------++-------
Melee: War axe           |   103 |    35 ||   138
  Use: Scroll            |     1 |     2 ||     3
       Potion            |       |     2 ||     2
  Eat: Meat ration       |       |     1 ||     1
       Fruit             |       |     1 ||     1
       Chunk             |       |     1 ||     1
